 Dungeon Crawl Stone Soup version 0.24.0-123-gd5b16e6ec5 (webtiles) character file.

Game seed: 10776888938506460638, levelgen mode: deterministic

15104 Iamsoldier the Basher (level 12, -1/80 HPs)
             Began as a Gargoyle Fighter on Dec 18, 2019.
             Was a High Priest of Okawaru.
             Slain by Jorgrun
             ... wielding a +0 quarterstaff of crushing
              (9 damage)
             ... on level 12 of the Dungeon.
             The game lasted 00:22:21 (10482 turns).

Iamsoldier the Basher (Gargoyle Fighter)           Turns: 10482, Time: 00:22:22

Health: -1/80      AC: 27    Str: 26    XL:     12   Next: 23%
Magic:  16/16      EV:  9    Int: 12    God:    Okawaru [*****.]
Gold:   738        SH: 14    Dex: 10    Spells: 11/11 levels left

rFire    + + .     SeeInvis +   e - +3 whip (elec)
rCold    + + +     Gourm    +   c - +0 shield
rNeg     + . .     Faith    .   L - +1 scale mail "Ugrony" {Regen+}
rPois    ∞         Spirit   .   C - +3 crown of Dyrovepreva {rElec Int+2 SInv}
rElec    +         Reflect  .   w - scarf {rC+ rF+}
rCorr    +         Harm     .   K - +1 pair of gloves {archery}
MR       .....                  H - +0 pair of boots
Stlth    +.........             O - amulet of the gourmand
HPRegen  0.63/turn              Q - +3 ring of strength
MPRegen  0.15/turn              y - ring of protection from cold

@: resistant, heroism, grasped by roots, constricted
A: negative energy resistance 1, electricity resistance, unbreathing,
petrification resistance, rot immunity, AC +8
a: Heroism, Finesse, Renounce Religion


You were on level 12 of the Dungeon.
You worshipped Okawaru.
Okawaru was extremely pleased with you.
You were full.

You visited 2 branches of the dungeon, and saw 13 of its levels.
You also visited: Ossuary.

You collected 1165 gold pieces.
You spent 427 gold pieces at shops.

Inventory:

Hand Weapons
 e - a +3 whip of electrocution (weapon)
 P - the +7 fustibalus of Saceod {flame, *Contam rElec rPois Str+4, unknown}
   (Okawaru gifted it to you on level 11 of the Dungeon)

   It causes projectiles fired from it to burn those they strike, causing extra
   injury to most foes and up to half again as much damage against particularly
   susceptible opponents.
   It affects your strength (+4).
   It insulates you from electricity.
   It protects you from poison.
   It causes magical contamination when unequipped.
Missiles
 I - 8 silver javelins (quivered)
Armour
 c - a +0 shield (worn)
 m - a +1 chain mail of cold resistance
 w - a scarf of resistance (worn)
 C - the +3 crown of Dyrovepreva (worn) {rElec Int+2 SInv}
   (You acquired it on level 10 of the Dungeon)

   It affects your intelligence (+2).
   It insulates you from electricity.
   It lets you see invisible.
 H - a +0 pair of boots (worn)
 K - a +1 pair of gloves of archery (worn)
 L - the +1 scale mail "Ugrony" (worn) {Regen+}
   (You found it on level 10 of the Dungeon)

   It increases your rate of regeneration.
Jewellery
 j - an uncursed ring of resist corrosion
 y - a ring of protection from cold (right hand)
 E - an uncursed ring of flight
 F - an uncursed ring of protection from fire
 G - an uncursed amulet of magic regeneration
 M - the ring of Qoistuis {Fire MP+9 Str+3 Int+4}
   (You found it on level 10 of the Dungeon)

   [ring of fire]

   It enhances your fire magic.
   It affects your strength (+3).
   It affects your intelligence (+4).
   It protects you from fire.
   It makes you vulnerable to cold.
   It affects your magic capacity (+9).
 O - an amulet of the gourmand (around neck)
 Q - a +3 ring of strength (left hand)
Wands
 J - a wand of flame (19)
 N - a wand of disintegration (19)
Scrolls
 b - 2 scrolls of enchant weapon
 i - a scroll of enchant armour
 k - 5 scrolls of remove curse
 n - 3 scrolls of teleportation
 o - 2 scrolls of immolation
 r - a scroll of identify
 t - 3 scrolls of fog
Potions
 f - 2 potions of might
 g - 3 potions of mutation
 h - 5 potions of haste {unknown}
 l - a potion of invisibility
 p - 2 potions of magic {unknown}
 q - 9 potions of curing
 s - 3 potions of brilliance {unknown}
 u - 3 potions of lignification
 x - 2 potions of berserk rage {unknown}
 z - 6 potions of heal wounds {unknown}
 A - a potion of cancellation {unknown}
 B - 2 potions of flight {unknown}
 D - a potion of agility
Miscellaneous
 a - a lamp of fire
Comestibles
 d - 34 rations


   Skills:
 + Level 11.0(16.0) Fighting
 * Level 11.3(16.3) Maces & Flails
 + Level 9.3(14.3) Armour
 + Level 9.4(14.4) Shields
 + Level 6.6 Invocations


You had 11 spell levels left.
You didn't know any spells.
Your spell library contained the following spells:

 Spells                   Type           Power        Failure   Level  Hunger
 Corona                   Hex            #......      54%         1    ##.....
 Flame Tongue             Conj/Fire      #....        54%         1    ##.....
 Slow                     Hex            #.......     69%         2    ###....
 Throw Flame              Conj/Fire      #.....       69%         2    ###....
 Conjure Flame            Conj/Fire      #.......     89%         3    ####...
 Inner Flame              Hex/Fire       #.......     89%         3    ####...
 Portal Projectile        Hex/Tloc       #.....       89%         3    ####...
 Cause Fear               Hex            #.........   100%        4    #####..
 Leda's Liquefaction      Hex/Erth       #.........   100%        4    #####..
 Sticky Flame             Conj/Fire      #.......     100%        4    #####..
 Fireball                 Conj/Fire      #.........   100%        5    ######.


Dungeon Overview and Level Annotations

Branches:
Dungeon (12/15)            Temple (1/1) D:4            Lair (0/6) D:11
    Orc (0/2) D:9         Ossuary (visited)

Altars:
Ashenzari
Cheibriados
Dithmenos
Elyvilon
Fedhas
Gozag
Hepliaklqana
Kikubaaqudgha
Makhleb
Nemelex Xobeh
Okawaru
Qazlal
Ru
Sif Muna
Trog
Uskayaw
Vehumet
Wu Jian
Xom
Yredelemnul
Zin
The Shining One

Shops:
D:4 *   D:8 [(}*   D:9 *

Annotations:
D:12 Jorgrun


Innate Abilities, Weirdness & Mutations

You are resistant to torment.
Your stone body is resilient. (AC +8)
You are immune to poison.
You resist negative energy. (rN+)
You are resistant to electric shocks. (rElec)
You can survive without breathing.
You are immune to petrification.
You are immune to rotting.


Message History

You hit Jorgrun.
Jorgrun is almost dead.
Jorgrun gestures at you while chanting.
The wall shatters!
The blast of rock fragments hits you but does no damage.
* * * LOW HITPOINT WARNING * * *
The grasping roots constrict you!
Evoke which item? (* to show all) (? for menu, Esc to quit)
Aiming: Disintegrate
Press: ? - help, Shift-Dir - straight line, f - Jorgrun
Aim: Jorgrun, wielding a +0 quarterstaff of crushing and wearing a +0 robe (almost dead, chance to defeat MR: 1%)
Okay, then.
Okay, then.
You feel protected. You block the yak's attack.
The yak gores you but does no damage. You block Jorgrun's attack.
The grasping roots constrict you.
You feel protected. You block the yak's attack. x2
Jorgrun hits you with a +0 quarterstaff of crushing!
You die...

..##..........#
...........#.##
####.........# #
##..#.....# ###
##.....#.# ####≈
.÷####........###...≈.
.÷<...........$...#
................###
..........##..#.@#
......>......##YYg...≈≈≈
.............##.#.....≈≈
.................%..≈≈.≈
................."...≈≈≈
.........#..........≈≈≈≈
. ..##.........≈≈≈≈
#..........≈≈≈


You could see Jorgrun and 2 yaks.

Vanquished Creatures
  2 two-headed ogres
  An unseen horror (D:10)
  A wizard (D:10)
  5 large abominations (D:10)
  A deep elf mage (D:11)
  2 ugly things (D:11)
  A cyclops (D:11)
  A troll (D:9)
  A queen bee (D:11)
  Prince Ribbit (D:7)
  3 hippogriffs
  6 yaks (D:12)
  4 hogs (D:8)
  7 small abominations (D:10)
  A human (D:8)
  A sky beast (D:7)
  4 orc warriors
  3 black bears
  3 ice beasts
  4 phantoms
  5 ogres
  6 centaurs (D:11)
  9 bullfrogs
  2 scorpions
  42 killer bees
  8 howler monkeys
  2 crimson imps
  A centaur zombie (D:10)
  2 bullfrog zombies
  4 hounds
  A quasit (D:8)
  A jelly (D:8)
  2 bullfrog skeletons
  7 orc priests
  10 orc wizards
  A centaur skeleton (D:10)
  8 iguanas
  9 worker ants
  A killer bee zombie (D:9)
  9 mummies
  2 hound skeletons
  Robin (D:2)
  A worker ant zombie (D:11)
  9 adders
  4 gnolls
  An adder zombie (D:8)
  2 adder skeletons
  6 worms
  3 dart slugs
  5 leopard geckos
  38 orcs
  6 giant cockroaches
  3 gnoll zombies (Ossuary)
  14 goblins
  11 hobgoblins
  2 jackals (D:2)
  6 kobolds
  4 quokkas
  A ball python (D:4)
  3 bats
  6 frilled lizards
  2 hobgoblin zombies (Ossuary)
  A jackal skeleton (D:8)
  2 kobold zombies (Ossuary)
  A leopard gecko skeleton (D:6)
  An orc zombie (Ossuary)
  8 rats
325 creatures vanquished.

Notes
Turn   | Place    | Note
-------+----------+-------------------------------------------
     0 | D:1      | Iamsoldier the Gargoyle Fighter began the quest for the
                  | Orb.
     0 | D:1      | Reached XP level 1. HP: 14/14 MP: 1/1
   211 | D:1      | Reached XP level 2. HP: 17/19 MP: 2/2
   865 | D:2      | Reached XP level 3. HP: 24/24 MP: 3/3
   875 | D:2      | Noticed Robin
   891 | D:2      | Killed Robin
   907 | D:2      | Reached XP level 4. HP: 25/29 MP: 4/4
  1306 | D:2      | Found a shimmering blue altar of Sif Muna.
  1772 | D:3      | Reached XP level 5. HP: 34/34 MP: 5/5
  1852 | D:3      | Found a basalt altar of Yredelemnul.
  2166 | D:4      | Found a staircase to the Ecumenical Temple.
  2276 | D:3      | Reached XP level 6. HP: 40/40 MP: 6/6
  2283 | D:3      | Reached skill level 5 in Fighting
  2381 | Temple   | Entered the Ecumenical Temple
  2473 | Temple   | Became a worshipper of Warmaster Okawaru
  2504 | D:4      | Found Zin's Purification Station.
  2517 | D:4      | Found a glowing silver altar of Zin.
  2530 | D:4      | Bought a potion of curing for 90 gold pieces
  2688 | D:4      | Found Uploab's General Store.
  2709 | D:4      | Bought a potion of curing for 33 gold pieces
  2825 | D:4      | Noticed a phantom
  2844 | D:4      | Killed a phantom
  2844 | D:4      | Reached * piety under Okawaru
  2844 | D:4      | Reached XP level 7. HP: 44/44 MP: 7/7
  3244 | D:5      | Entered Level 5 of the Dungeon
  3544 | D:5      | Reached skill level 5 in Maces & Flails
  3614 | D:5      | Found a hazy altar of Hepliaklqana.
  3724 | D:5      | Reached skill level 5 in Shields
  3762 | D:5      | Reached skill level 5 in Armour
  3916 | D:6      | Noticed a hippogriff
  3929 | D:6      | Killed a hippogriff
  3929 | D:6      | Reached XP level 8. HP: 39/52 MP: 8/8
  4038 | D:6      | Found a sand-covered staircase.
  4060 | Ossuary  | Entered an ossuary
  4240 | Ossuary  | Reached ** piety under Okawaru
  4475 | D:6      | Found an ornate altar of the Wu Jian Council.
  4524 | D:6      | Found a snail-covered altar of Cheibriados.
  4709 | D:6      | Found a bloodstained altar of Trog.
  5069 | D:7      | Reached XP level 9. HP: 39/59 MP: 9/9
  5203 | D:7      | Reached *** piety under Okawaru
  5488 | D:7      | Noticed Prince Ribbit
  5514 | D:7      | Killed Prince Ribbit
  5785 | D:7      | Reached skill level 1 in Invocations
  6178 | D:7      | Found a blossoming altar of Fedhas.
  6309 | D:7      | Found a sparkling altar of Nemelex Xobeh.
  6547 | D:8      | Found Vovyrut's General Store.
  6559 | D:8      | Bought a potion of lignification for 36 gold pieces
  6559 | D:8      | Bought a potion of agility for 48 gold pieces
  6715 | D:4      | Bought a ration for 55 gold pieces
  6715 | D:4      | Bought a potion of resistance for 110 gold pieces
  6715 | D:4      | Bought a ration for 55 gold pieces
  6819 | D:8      | Found Jiwil's Armour Emporium.
  6826 | D:8      | Noticed a two-headed ogre
  6836 | D:8      | Killed a two-headed ogre
  6836 | D:8      | Reached **** piety under Okawaru
  6836 | D:8      | Reached XP level 10. HP: 53/66 MP: 8/11
  6915 | D:8      | Found Teishut's Gadget Emporium.
  6962 | D:8      | Found a bloodstained altar of Trog.
  7121 | D:8      | Found Misteniv's Antique Weapon Boutique.
  7244 | D:8      | Reached ***** piety under Okawaru
  7478 | D:9      | Found a staircase to the Orcish Mines.
  7490 | D:9      | Found Cabbiod's General Store.
  7744 | D:9      | Found a hide-covered altar of Uskayaw.
  8271 | D:9      | Received a gift from Okawaru
  8363 | D:10     | Entered Level 10 of the Dungeon
  8425 | D:10     | Noticed a wizard
  8444 | D:10     | Killed a wizard
  8455 | D:10     | Noticed a large abomination
  8455 | D:10     | Noticed a large abomination
  8460 | D:10     | Received a gift from Okawaru
  8460 | D:10     | Reached skill level 10 in Fighting
  8467 | D:10     | Killed a large abomination
  8467 | D:10     | Reached XP level 11. HP: 62/72 MP: 14/14
  8489 | D:10     | Killed a large abomination
  8495 | D:10     | Reached skill level 10 in Maces & Flails
  8739 | D:10     | Got a transparent pewter amulet
  8746 | D:10     | Got a vibrating bronze ring
  8752 | D:10     | Identified the amulet "Ava Opsi" {Inacc MP+9 Int+2} (You
                  | found it on level 10 of the Dungeon)
  8756 | D:10     | Identified the ring of Qoistuis {Fire MP+9 Str+3 Int+4}
                  | (You found it on level 10 of the Dungeon)
  8766 | D:10     | Got an ichor-stained scale mail
  8776 | D:10     | Identified the cursed +1 scale mail "Ugrony" {Regen+} (You
                  | found it on level 10 of the Dungeon)
  8789 | D:10     | Identified a scroll of acquirement
  8790 | D:10     | Found the +3 crown of Dyrovepreva {rElec Int+2 SInv}
  8833 | D:10     | Noticed an unseen horror
  8843 | D:10     | Reached skill level 5 in Invocations
  8844 | D:10     | Killed an unseen horror
  9298 | D:11     | Noticed a green ugly thing
  9311 | D:11     | Killed a green ugly thing
  9381 | D:11     | Noticed a cyclops
  9397 | D:11     | Killed a cyclops
  9448 | D:11     | Noticed a deep elf mage
  9463 | D:11     | Killed a deep elf mage
  9775 | D:11     | Noticed a two-headed ogre
  9786 | D:11     | Killed a two-headed ogre
  9799 | D:11     | Noticed a cyan ugly thing
  9814 | D:11     | Killed a cyan ugly thing
  9981 | D:11     | Found a staircase to the Lair.
 10000 | D:11     | Reached XP level 12. HP: 73/79 MP: 16/16
 10018 | D:11     | Received a gift from Okawaru
 10054 | D:11     | Got a bloodstained fustibalus {god gift}
 10458 | D:12     | Noticed Jorgrun
 10482 | D:12     | Slain by Jorgrun

Levels and vault maps discovered:
D:1:      matt_arrival_debris, layout_basic, hex_large, nrook_uturn
D:2:      layout_basic, overflow_temple_1_default, first_ration, uniq_robin
D:3:      layout_loops_ring, overflow_temple_1_default
D:4:      layout_gridville, zin_purify, temple_statues, serial_shops, shop,
          uniq_crazy_yiuf_cottage
D:5:      layout_gridville, basic_altar, kennysheep_generic_room_13
D:6:      layout_cave_pools, nicolae_overflow_hidden_temple,
          grunt_temple_overflow_open, gup_ossuary_entry_pyramid,
          lemuel_flame_loot_1
D:7:      layout_basic, nemelex_altar_shiori, lemuel_doored_altar,
          uniq_prince_ribbit1
D:8:      layout_loops_cross, serial_shops, nicolae_shop_crystal,
          nicolae_shop_temple_entry_statues_fountains, shop, shop_statue,
          grunt_livestock, kennysheep_another_room, trog_three_pillars_becter
D:9:      cheibrodos_iron_armory, layout_cave_pods, basic_altar, serial_shops,
          nicolae_shop_crystal
D:10:     layout_basic, laboratory
D:11:     layout_roguey, lair_entry_dummy, special_room [special_room_bee]
D:12:     statuecave_lemuel, layout_cave_pools, serial_rivers,
          chequers_serial_rivers_marsh, chequers_serial_rivers_micro_c,
          chequers_serial_rivers_large_a, chequers_serial_rivers_room_b,
          chequers_serial_rivers_small_b, uniq_nergalle, uniq_jorgrun
Temple:   zaba_magenta_temple

Skill      XL: |  1  2  3  4  5  6  7  8  9 10 11 12 |
---------------+-------------------------------------+-----
Fighting       | 4 5 6 7 9 10 11 | 11.0
Maces & Flails | 3 4 5 6 8 9 11 | 11.3
Armour         | 4 5 6 7 8 9 |  9.3
Shields        | 4 5 6 8 9 |  9.4
Invocations    | 2 4 6 |  6.6

Action                   |  1- 3 |  4- 6 |  7- 9 | 10-12 || total
-------------------------+-------+-------+-------+-------++-------
Melee: Whip              |    95 |   181 |   377 |   702 ||  1355
       Flail             |    11 |       |       |       ||    11
Invok: Heroism           |       |       |     4 |     9 ||    13
       Finesse           |       |       |       |     1 ||     1
  Use: Scroll            |       |     2 |     9 |     8 ||    19
       Potion            |       |       |       |     4 ||     4
  Eat: Chunk             |       |     6 |    13 |    21 ||    40
Armor: Scale mail        |    19 |       |       |   126 ||   145
       Chain mail        |    25 |   114 |   155 |   107 ||   401
Dodge: Dodged            |    17 |    35 |    68 |   140 ||   260
Block: Shield            |    47 |   100 |   164 |   328 ||   639
